 Dungeon Crawl Stone Soup version 0.29.0-4-gdea44cf6ec (webtiles) character file.

Game seed: 814759652283345314

32 qw the Vexing (level 3, 0/35 HPs)
             Began as an Ogre Enchanter on Sept 3, 2022.
             Slain by an adder (2 damage)
             ... on level 2 of the Dungeon.
             The game lasted 00:01:11 (2215 turns).

qw the Vexing (Ogre Enchanter)                      Turns: 2215, Time: 00:01:12

Health: 0/35       AC:  3    Str: 14    XL:     3   Next: 27%
Magic:  6/6        EV:  9    Int: 16    God:
Gold:   42         SH:  0    Dex:  9    Spells: 6/6 levels left

rFire   + . .      SeeInvis .   Y - +0 club
rCold   . . .      Faith    .   (no shield)
rNeg    . . .      Spirit   .   b - +0 robe
rPois   .          Reflect  .   (helmet restricted)
rElec   .          Harm     .   (no cloak)
rCorr   .          Rampage  .   (gloves unavailable)
Will    .....                   (boots unavailable)
Stlth   ++........              (no amulet)
HPRegen 0.11/turn               e - ring of protection from fire
MPRegen 0.10/turn               (no ring)

@: no status effects
A: large, unfitting armour, tough skin 1
a: no special abilities


You were on level 2 of the Dungeon.
You visited 1 branch of the dungeon, and saw 2 of its levels.

You collected 42 gold pieces.


Innate Abilities, Weirdness & Mutations

You are too large for most types of armour.
You have tough skin. (AC +1)


   Skills:
 - Level 2.0 Fighting
 - Level 0.8 Short Blades
 + Level 2.2 Axes
 - Level 1.7 Dodging
 - Level 2.1 Stealth
 - Level 2.4 Spellcasting
 - Level 2.6 Hexes


You had 6 spell levels left.
You didn't know any spells.
Your spell library contained the following spells:

 Spells                   Type           Power      Damage    Failure   Level
 Ensorcelled Hibernation  Hex/Ice        12%        N/A       17%         2
 Confusing Touch          Hex            10%        N/A       21%         3
 Tukima's Dance           Hex            10%        N/A       21%         3
 Dazzling Flash           Conj/Hex       12%        N/A       34%         3

Inventory:

Hand Weapons
 Y - a +0 club (weapon)
Armour
 b - a +0 robe (worn)
Jewellery
 a - an amulet of guardian spirit
 e - a ring of protection from fire (left hand)
Scrolls
 c - a scroll of enchant armour {unknown}
 f - a scroll of teleportation {unknown}
Potions
 d - a potion of curing {unknown}
 g - a potion of lignification {unknown}
 i - a potion of mutation {unknown}

Dungeon Overview and Level Annotations

Branches:
Dungeon (2/15)

Altars:


Message History

The adder barely misses you.
You miss the adder.
The adder is lightly wounded.
You feel sick. The adder bites you.
You miss the adder.
The adder is lightly wounded.
You feel sick. The adder bites you.
You are more poisoned.
The adder poisons you! The adder bites you.
You closely miss the adder.
The adder is lightly wounded.
You feel sick. The adder closely misses you.
The adder bites you but does no damage.
You hit the adder.
The adder is heavily wounded.
You feel sick. The adder bites you.
You closely miss the adder.
The adder is heavily wounded.
You feel sick. The adder bites you. The adder closely misses you.
You closely miss the adder.
The adder is heavily wounded.
You feel sick. The adder bites you. The adder barely misses you.
You closely miss the adder.
The adder is heavily wounded.
You feel sick.
You are no longer poisoned.
The adder bites you.
You hit the adder.
The adder is severely wounded.
The adder bites you but does no damage. The adder bites you.
You barely miss the adder.
The adder is severely wounded.
The adder bites you.
You completely miss the adder.
The adder is severely wounded.
The adder bites you but does no damage. The adder bites you.
You closely miss the adder.
The adder is severely wounded.
The adder bites you.
You die...

..................#
.#
#.#...............#
............##....##
....................
..#...#...#.##......
..#...#...#.##....##
......%.........#.#
.##...#.........#.#
................@.#
......#...#.#...#S#
......%...#.#...#.#
................#?#
................#.#
#.#........##..##.#
...........##..# .#
#.#........##..# .#
#.#............#


You could see an adder.

Vanquished Creatures
  2 dart slugs (D:2)
  An endoplasm (D:1)
  A giant cockroach (D:1)
  4 goblins
  3 hobgoblins (D:1)
  2 jackals (D:2)
  A quokka (D:2)
  3 ball pythons (D:1)
  3 bats (D:2)
  2 frilled lizards
  2 kobolds (D:1)
  2 rats (D:2)
26 creatures vanquished.

Notes
Turn   | Place    | Note
-------+----------+-------------------------------------------
     0 | D:1      | qw the Ogre Enchanter began the quest for the Orb.
     0 | D:1      | Reached XP level 1. HP: 16/16 MP: 3/3
     0 | D:1      | 0 ||| qw: Version: 0.1-a-102-g441f92d
     0 | D:1      | 0 ||| qw: Game counter: 5276
     0 | D:1      | 0 ||| qw: Always use a shield: true
     0 | D:1      | 0 ||| qw: God list: Okawaru
     0 | D:1      | 0 ||| qw: Allow faded altars: false
     0 | D:1      | 0 ||| qw: Do Orc after D:15 true
     0 | D:1      | 0 ||| qw: Do second Lair branch before Depths: true
     0 | D:1      | 0 ||| qw: Lair rune preference: random
     0 | D:1      | 0 ||| qw: Plans: Normal
     0 | D:1      | 0 ||| PLANNING D:1-11
   240 | D:1      | 240 ||| SWAPPING to +0 club.
   241 | D:1      | 241 ||| DROPPING +1 dagger.
   303 | D:1      | Found a faded altar of an unknown god.
   321 | D:1      | Reached skill level 1 in Axes
   430 | D:1      | Reached skill level 1 in Fighting
   439 | D:1      | Reached XP level 2. HP: 8/27 MP: 5/5
   715 | D:1      | 715 ||| Stepping ~*~*~tactically~*~*~ (outnumbered).
   716 | D:1      | 716 ||| Stepping ~*~*~tactically~*~*~ (outnumbered).
   717 | D:1      | 717 ||| Stepping ~*~*~tactically~*~*~ (outnumbered).
   718 | D:1      | 718 ||| Stepping ~*~*~tactically~*~*~ (outnumbered).
   720 | D:1      | 720 ||| Stepping ~*~*~tactically~*~*~ (outnumbered).
   732 | D:1      | HP: 5/27 [hobgoblin (2)]
   748 | D:1      | HP: 3/27 [hobgoblin (2)]
   750 | D:1      | HP: 1/27 [hobgoblin (1)]
  1366 | D:1      | 1366 ||| UPGRADING to ring of protection from fire.
  1367 | D:1      | 1367 ||| READING 2 scrolls labelled LATSUEDUMP.
  1368 | D:1      | 1368 ||| READING scroll labelled HYCEGH BENI.
  1369 | D:1      | 1369 ||| READING scroll labelled UTUR SOEGA.
  1370 | D:1      | 1370 ||| DROPPING 2 potions of invisibility.
  1371 | D:1      | 1371 ||| DROPPING scroll of blinking.
  1410 | D:2      | 1410 ||| Stepping ~*~*~tactically~*~*~ (hiding).
  1698 | D:2      | Reached XP level 3. HP: 35/35 MP: 6/6
  1781 | D:2      | 1781 ||| Stepping ~*~*~tactically~*~*~ (outnumbered).
  1783 | D:2      | 1783 ||| Stepping ~*~*~tactically~*~*~ (outnumbered).
  1784 | D:2      | 1784 ||| Stepping ~*~*~tactically~*~*~ (outnumbered).
  1786 | D:2      | 1786 ||| Stepping ~*~*~tactically~*~*~ (outnumbered).
  1880 | D:2      | 1880 ||| Stepping ~*~*~tactically~*~*~ (stealth).
  2211 | D:2      | HP: 8/35 [poisoned by an adder]
  2214 | D:2      | HP: 2/35 [adder (3)]
  2215 | D:2      | Slain by an adder

Levels and vault maps discovered:
D:1:      amcnicky_arrival_choice, layout_basic,
          ebering_ecumenical_altar_abandoned
D:2:      layout_basic

Skill      XL: |  1  2  3 |
---------------+----------+-----
Axes           | 1 2 |  2.2
Fighting       | 1 2 |  2.0
Short Blades   | |  0.8
Dodging        | |  1.7
Stealth        | |  2.1
Spellcasting   | |  2.4
Hexes          | |  2.6

Action                   || total
-------------------------++-------
Melee: Club              ||   159
       Dagger            ||     5
       Punch             ||     1
  Use: Scroll            ||     3
Armor: Robe              ||    76
Dodge: Dodged            ||    80

Table legend:
 A = Non-vault XP
 B = Vault XP
 C = Vault XP percentage of total XP
 D = Non-vault monster count
 E = Vault monster count
 F = Vault count percentage of total count
                 A         B        C        D         E       F
            +---------+---------+-------+---------+---------+-------
      Total |      47 |       0 |   0.0 |      26 |       0 |   0.0
            +---------+---------+-------+---------+---------+-------
        D:1 |      24 |       0 |   0.0 |      14 |       0 |   0.0
        D:2 |      23 |       0 |   0.0 |      12 |       0 |   0.0
            +---------+---------+-------+---------+---------+-------
